 Dungeon Crawl Stone Soup version 0.29-a0-813-g4a14ea37d6 (webtiles) character file.

Game seed: 9008337745591223175

4228 Mgcat the Covert (level 10, 0/53 HPs)
             Began as a Spriggan Hunter on July 4, 2022.
             Was a Believer of Okawaru.
             Killed by the air
             ... invoked by Gastronok
              (27 damage)
             ... on level 8 of the Dungeon.
             The game lasted 00:13:43 (8778 turns).

Mgcat the Covert (Spriggan Hunter)                  Turns: 8778, Time: 00:13:43

Health: 0/53       AC:  9    Str:  6    XL:     10   Next: 9%
Magic:  11/11      EV: 27    Int: 15    God:    Okawaru [**....]
Gold:   548        SH:  0    Dex: 22    Spells: 9/9 levels left

rFire   . . .      SeeInvis +   a - +3 shortbow
rCold   + . .      Faith    .   (shield currently unavailable)
rNeg    . . .      Spirit   .   m - +2 robe {rC+}
rPois   .          Reflect  .   (helmet restricted)
rElec   .          Harm     .   r - +2 cloak {Will+}
rCorr   .          Rampage  .   (gloves unavailable)
Will    ++...                   (boots unavailable)
Stlth   +++++.....              (no amulet)
HPRegen 0.17/turn               (no ring)
MPRegen 0.12/turn               (no ring)

@: very quick
A: very small, no large weapons, unfitting armour, see invisible, speed 3,
iridescent scales 1, clever 1, sense surroundings 1
a: Renounce Religion, Heroism


You were on level 8 of the Dungeon.
You worshipped Okawaru.
Okawaru was pleased with you.
You visited 2 branches of the dungeon, and saw 9 of its levels.
You also visited: Sewer.

You collected 548 gold pieces.

Inventory:

Hand Weapons
 a - a +3 shortbow (weapon)
 s - a +1 hand axe of flaming
   (You took it off an orc on level 3 of the Dungeon)
Missiles
 q - a throwing net {=f, !d}
Armour
 m - a +2 robe of cold resistance (worn)
   (You found it on level 5 of the Dungeon)
 r - a +2 cloak of willpower (worn)
   (You found it on level 3 of the Dungeon)
Jewellery
 c - a ring of fire {rF+, rC-}
   (You found it on level 5 of the Dungeon)
 g - an amulet of faith {Faith, !P}
   (You found it on level 1 of the Dungeon)
 w - a ring of protection from cold {rC+, !d}
   (You found it on level 7 of the Dungeon)
Wands
 d - a wand of paralysis (7)
   (You found it on level 4 of the Dungeon)
 t - a wand of roots (15)
   (You found it on level 3 of the Dungeon)
Scrolls
 b - 3 scrolls of immolation {!r}
 h - a scroll of noise {!r}
 i - 2 scrolls of magic mapping {!r}
 y - a scroll of fog
Potions
 e - 2 potions of invisibility {unknown}
 f - a potion of curing {unknown}
 j - 4 potions of attraction {!q}
 k - 5 potions of resistance
 l - a potion of cancellation
 n - 2 potions of heal wounds
 o - 3 potions of haste {unknown}
 p - 2 potions of flight {unknown}
 u - 3 potions of brilliance
 v - a potion of ambrosia {unknown}
 x - 3 potions of magic
 A - a potion of lignification {unknown}


   Skills:
 + Level 6.9 Fighting
 * Level 12.0 Ranged Weapons
 + Level 10.8 Dodging
 + Level 12.3 Stealth


You had 9 spell levels left.
You didn't know any spells.
Your spell library contained the following spells:

 Spells                   Type           Power      Damage    Failure   Level
 Sting                    Tmut/Pois      0%         1d3       26%         1
 Blink                    Tloc           0%         N/A       38%         2
 Frozen Ramparts          Ice            0%         1d2       63%         3
 Lesser Beckoning         Tloc           0%         N/A       63%         3
 Ice Form                 Ice/Tmut       0%         N/A       95%         4
 Iskenderun's Mystic Bla  Conj/Tloc      0%         2d3       95%         4
 Leda's Liquefaction      Hex/Erth       0%         N/A       95%         4
 Passage of Golubria      Tloc           0%         N/A       95%         4
 Lee's Rapid Deconstruct  Erth           0%         3d5*      100%        5
 Manifold Assault         Tloc           0%         N/A       100%        5
 Yara's Violent Unravell  Hex/Tmut       0%         3d3       100%        5
 Statue Form              Tmut/Erth      0%         N/A       100%        6
 Storm Form               Tmut/Air       0%         N/A       100%        7
 Tukima's Dance           Hex            Unusable   N/A       N/A         3
 Summon Ice Beast         Ice/Summ       Unusable   N/A       N/A         4
 Summon Forest            Summ/Tloc      Unusable   N/A       N/A         5

Dungeon Overview and Level Annotations

Branches:
Dungeon (8/15)             Temple (1/1) D:4           Sewer (visited)
   Lair: D:8-11

Altars:
Ashenzari
Cheibriados
Dithmenos
Elyvilon
Fedhas
Gozag
Kikubaaqudgha
Makhleb
Nemelex Xobeh
Okawaru
Qazlal
Ru
Sif Muna
Trog
Uskayaw
Vehumet
Wu Jian
Xom
Yredelemnul
Zin
The Shining One

Annotations:
D:2 Sigmund
D:8 Amaemon, Gastronok


Innate Abilities, Weirdness & Mutations

You are very small and have problems with some larger weapons.
You are too small for most types of armour.
You have supernaturally acute eyesight. (SInv)
You cover ground extremely quickly. (Speed+++)
You are partially covered in iridescent scales. (AC +2)
Your mind is acute. (Int +4, Str/Dex -1)
You passively map a small area around you.


Message History

Spoiler Alert: Gastronok can cast Airstrike!
You shoot an arrow. The arrow hits Gastronok.
Gastronok is moderately wounded.
You shoot an arrow. The arrow barely misses Gastronok.
Gastronok bites you but does no damage.
You shoot an arrow. The arrow hits Gastronok!
Gastronok is heavily wounded.
Spoiler Alert: Gastronok can cast Airstrike!
You shoot an arrow. The arrow hits Gastronok.
Gastronok is heavily wounded.
Gastronok bites you!
You take 9 damage, and have 32/53 hp.
You are too injured to fight recklessly!
You are too injured to fight recklessly!
Spoiler Alert: Gastronok can cast Airstrike!
You are too injured to fight recklessly!
You are too injured to fight recklessly!
Fire: a) +3 shortbow
Press: ? - help, Q - select action Shift-Dir - straight line, f/p - Gastronok
Aim: Gastronok, wearing a +2 hat of see invisible (heavily wounded, 95% to hit)
You shoot an arrow. The arrow hits Gastronok.
Gastronok is heavily wounded.
Spoiler Alert: Gastronok can cast Airstrike!
Fire: a) +3 shortbow
Press: ? - help, Q - select action Shift-Dir - straight line, f/p - Gastronok
Aim: Gastronok, wearing a +2 hat of see invisible (heavily wounded, 95% to hit)
You shoot an arrow. The arrow hits Gastronok.
Gastronok is heavily wounded.
Gastronok barely misses you.
Spoiler Alert: Gastronok can cast Airstrike!
Fire: a) +3 shortbow
Press: ? - help, Q - select action Shift-Dir - straight line, f/p - Gastronok
Aim: Gastronok, wearing a +2 hat of see invisible (heavily wounded, 95% to hit)
You shoot an arrow.
The arrow hits Gastronok but does no damage.
Gastronok is heavily wounded.
Spoiler Alert: Gastronok can cast Airstrike!
Fire: a) +3 shortbow
Press: ? - help, Q - select action Shift-Dir - straight line, f/p - Gastronok
Aim: Gastronok, wearing a +2 hat of see invisible (heavily wounded, 95% to hit)
You shoot an arrow. The arrow completely misses Gastronok.
Gastronok casts a spell.
Fire: a) +3 shortbow
Press: ? - help, Q - select action Shift-Dir - straight line, f/p - Gastronok
Aim: Gastronok, wearing a +2 hat of see invisible (heavily wounded, 95% to hit)
You shoot an arrow. The arrow hits Gastronok.
Gastronok is heavily wounded.
Spoiler Alert: Gastronok can cast Airstrike!
Fire: a) +3 shortbow
Press: ? - help, Q - select action Shift-Dir - straight line, f/p - Gastronok
Aim: Gastronok, wearing a +2 hat of see invisible (heavily wounded, 95% to hit)
You shoot an arrow. The arrow hits Gastronok!
Gastronok is severely wounded.
Gastronok bites you.
You take 1 damage, and have 32/53 hp.
Spoiler Alert: Gastronok can cast Airstrike!
Fire: a) +3 shortbow
Press: ? - help, Q - select action Shift-Dir - straight line, f/p - Gastronok
Aim: Gastronok, wearing a +2 hat of see invisible (severely wounded, 95% to hit)
You shoot an arrow. The arrow hits Gastronok.
Gastronok is severely wounded.
Fire: a) +3 shortbow
Press: ? - help, Q - select action Shift-Dir - straight line, f/p - Gastronok
Aim: Gastronok, wearing a +2 hat of see invisible (severely wounded, 95% to hit)
You shoot an arrow. The arrow hits Gastronok.
Gastronok is severely wounded.
Spoiler Alert: Gastronok can cast Airstrike!
Fire: a) +3 shortbow
Press: ? - help, Q - select action Shift-Dir - straight line, f/p - Gastronok
Aim: Gastronok, wearing a +2 hat of see invisible (severely wounded, 95% to hit)
You shoot an arrow. The arrow hits Gastronok.
Gastronok is severely wounded.
Gastronok bites you!!
* * * LOW HITPOINT WARNING * * *
You take 25 damage, and have 7/53 hp.
MASSIVE DAMAGE!!
Spoiler Alert: Gastronok can cast Airstrike!
Fire: a) +3 shortbow
Press: ? - help, Q - select action Shift-Dir - straight line, f/p - Gastronok
Aim: Gastronok, wearing a +2 hat of see invisible (severely wounded, 95% to hit)
You shoot an arrow. The arrow hits Gastronok.
Gastronok is severely wounded.
Fire: a) +3 shortbow
Press: ? - help, Q - select action Shift-Dir - straight line, f/p - Gastronok
Aim: Gastronok, wearing a +2 hat of see invisible (severely wounded, 95% to hit)
You shoot an arrow.
The arrow hits Gastronok but does no damage.
Gastronok is severely wounded.
Gastronok casts a spell at you. You resist with almost no effort.
Spoiler Alert: Gastronok can cast Airstrike!
Fire: a) +3 shortbow
Press: ? - help, Q - select action Shift-Dir - straight line, f/p - Gastronok
Aim: Gastronok, wearing a +2 hat of see invisible (severely wounded, 95% to hit)
You shoot an arrow. The arrow hits Gastronok.
Gastronok is severely wounded.
You feel much better.
Gastronok waves his eye-stalks in wide circles.
The air twists around and strikes you!!
Ouch! That really hurt!
You die...

#.##...#.##<....# #.......#
#........##.....# #.......#
#........####.### #.......#
#........####.# #.......#
##............# ##.....##
#.......######### ##..<##
##.......##......# ##.###
#.###.....#.###:.# #.#.##
#.# #.....@...#..#####..#.#
*
#.###.#...#w#..........###.
, *
##...###.##r#.#..######.#.#
, ##### ####......# ##.## ,
** * #.....## #># , *,
##...## ###.## #...# #.....
, * *#.# #...# #..... , #.#
#...# #.....


You could see Gastronok and a river rat (summoned).

Vanquished Creatures
  A wraith (D:8)
  A wyvern (D:8)
  Eustachio (D:5)
  A steam dragon (D:7)
  2 water moccasins
  An orc warrior (D:7)
  3 ice beasts
  3 black bears
  2 ogres (D:5)
  A kobold brigand (D:7)
  A phantom (D:4)
  3 bullfrogs
  A scorpion (D:4)
  3 killer bees (D:8)
  A howler monkey (D:8)
  A hound (D:7)
  An orc priest (D:7)
  2 gnoll boudas
  3 jellies (D:6)
  Jessica (D:2)
  6 iguanas
  2 orc wizards
  12 gnolls
  19 adders
  2 ufetubi
  3 dart slugs
  28 orcs
  14 ball pythons
  7 bats
  14 endoplasms
  3 giant cockroaches
  5 goblins
  9 hobgoblins
  3 jackals (D:2)
  6 quokkas
  6 frilled lizards
  16 kobolds
  10 rats
198 creatures vanquished.

Vanquished Creatures (others)
  A fungus (D:2)
  9 plants (D:4)
10 creatures vanquished.

Grand Total: 208 creatures vanquished

Notes
Turn   | Place    | Note
-------+----------+-------------------------------------------
     0 | D:1      | Mgcat the Spriggan Hunter began the quest for the Orb.
     0 | D:1      | Reached XP level 1. HP: 10/10 MP: 2/2
    61 | D:1      | Reached skill level 2 in Stealth
    61 | D:1      | Reached XP level 2. HP: 15/15 MP: 3/3
    76 | D:1      | Reached skill level 3 in Dodging
   189 | D:1      | Reached XP level 3. HP: 18/18 MP: 4/4
   840 | D:2      | Noticed Sigmund
   868 | D:2      | Reached skill level 2 in Fighting
   880 | D:2      | Noticed Jessica
   883 | D:2      | Killed Jessica
   884 | D:2      | Reached skill level 3 in Stealth
   884 | D:2      | Reached XP level 4. HP: 23/23 MP: 5/5
   885 | D:2      | Noticed a black bear
   895 | D:2      | Killed a black bear
   896 | D:2      | Reached skill level 5 in Ranged Weapons
   896 | D:2      | Reached skill level 4 in Dodging
   896 | D:2      | Reached XP level 5. HP: 27/27 MP: 6/6
  1549 | D:2      | Found a faded altar of an unknown god.
  1555 | D:2      | Got Plato's Codex of Filth
  1563 | D:2      | Got the Book of Superposition
  1672 | D:3      | Reached skill level 4 in Stealth
  1851 | D:3      | Found a radiant altar of Vehumet.
  1853 | D:3      | Found a bloodstained altar of Trog.
  2783 | D:3      | Reached XP level 6. HP: 32/32 MP: 7/7
  3075 | D:3      | Found a blossoming altar of Fedhas.
  3500 | D:4      | Reached skill level 5 in Fighting
  3500 | D:4      | Reached skill level 9 in Ranged Weapons
  3500 | D:4      | Reached skill level 8 in Dodging
  3500 | D:4      | Reached skill level 9 in Stealth
  3500 | D:4      | Reached XP level 7. HP: 39/39 MP: 8/8
  3501 | D:4      | Reached skill level 6 in Fighting
  3501 | D:4      | Reached skill level 11 in Ranged Weapons
  3501 | D:4      | Reached skill level 10 in Dodging
  3501 | D:4      | Reached skill level 11 in Stealth
  3501 | D:4      | Reached XP level 8. HP: 45/45 MP: 9/9
  3706 | D:4      | Found a staircase to the Ecumenical Temple.
  3712 | Temple   | Entered the Ecumenical Temple
  3836 | Temple   | Became a worshipper of Warmaster Okawaru
  3927 | D:4      | Found a shadowy altar of Dithmenos.
  4489 | D:4      | Found a shimmering altar of Xom.
  4490 | D:4      | Found a snail-covered altar of Cheibriados.
  4750 | D:4      | Gained mutation: You occasionally lose the ability to drink
                  | potions when taking damage. [potion of mutation]
  4750 | D:4      | Gained mutation: Your spells are a little easier to cast,
                  | but a little less powerful. [potion of mutation]
  4750 | D:4      | Gained mutation: You passively map a small area around you.
                  | [potion of mutation]
  4847 | D:5      | Entered Level 5 of the Dungeon
  4881 | D:5      | Found a glowing drain.
  4894 | Sewer    | Entered a sewer
  5340 | D:5      | Reached XP level 9. HP: 49/49 MP: 10/10
  5390 | D:5      | Noticed Eustachio
  5460 | D:5      | Killed Eustachio
  5460 | D:5      | Reached * piety under Okawaru
  6367 | D:6      | Found an opulent altar of Gozag.
  7396 | D:7      | Reached skill level 12 in Stealth
  7561 | D:7      | Reached ** piety under Okawaru
  8209 | D:8      | Reached skill level 12 in Ranged Weapons
  8209 | D:8      | Reached XP level 10. HP: 53/53 MP: 11/11
  8234 | D:8      | Lost mutation: Your spells are a little easier to cast, but
                  | a little less powerful. [potion of mutation]
  8234 | D:8      | Lost mutation: You occasionally lose the ability to drink
                  | potions when taking damage. [potion of mutation]
  8234 | D:8      | Gained mutation: Your mind is acute. (Int +4, Str/Dex -1)
                  | [potion of mutation]
  8234 | D:8      | Gained mutation: You are partially covered in iridescent
                  | scales. (AC +2) [potion of mutation]
  8331 | D:8      | Noticed an orange demon
  8518 | D:8      | Noticed Amaemon
  8751 | D:8      | Noticed Gastronok
  8774 | D:8      | HP: 7/53 [Gastronok (25)]
  8778 | D:8      | Killed from afar by Gastronok

Illustrated notes

Levels and vault maps discovered:
D:1:      minmay_arrival_semitransparent, layout_basic, minmay_misc_feat_pillars
D:2:      layout_rooms, shapermc_ecumenical_altar_rom_forum, uniq_jessica,
          uniq_sigmund
D:3:      minmay_razor_zed, layout_basic, fedhas_altar_fruit_tree,
          jmf_multi_god_temple, minmay_misc_feat_four_crosses
D:4:      layout_basic, minitemple, temple_fountains, minmay_misc_feat_enclosed,
          guppyfry_early_lair_pool
D:5:      layout_basic, portal_sewer_entry_d, uniq_eustachio
D:6:      layout_loops_ring, nicolae_gozag_seed_capital
D:7:      layout_gridville
D:8:      layout_loops_cross, serial_shops, nicolae_lakefront_shop,
          uniq_gastronok, uniq_amaemon
Temple:   nicolae_temple_two_arcs

Skill      XL: |  1  2  3  4  5  6  7  8  9 |
---------------+----------------------------+-----
Stealth        | 2 3 4 9 11 12 | 12.3
Dodging        | 3 4 8 10 | 10.8
Fighting       | 2 5 6 |  6.9
Ranged Weapons | 5 9 11 12 | 12.0

Action                   |  1- 3 |  4- 6 |  7- 9 | 10-12 || total
-------------------------+-------+-------+-------+-------++-------
 Fire: Shortbow          |    79 |   178 |   393 |    50 ||   700
  Use: Scroll            |       |     6 |    17 |     1 ||    24
       Potion            |       |     1 |     3 |     2 ||     6
Armor: Robe              |     1 |     5 |    21 |     3 ||    30
Dodge: Dodged            |     8 |    84 |   187 |     5 ||   284

Table legend: (Time is in decaauts)
 A = Elapsed time spent in this place.
 B = Non-inter-level travel time spent in this place.
 C = Inter-level travel time spent in this place.
 D = Time resting spent in this place.
 E = Time spent auto-exploring this place.
 F = Levels seen in this place.
 G = Mean time per level.
                   A        B        C        D        E       F      G
               +--------+--------+--------+--------+--------+-----+--------+
         Total |   6757 |   6630 |    127 |   1999 |   3483 |  10 |  675.7 |
       Dungeon |   6427 |   6300 |    127 |   1999 |   3265 |   8 |  803.4 |
        Temple |     81 |     81 |      0 |      0 |     63 |   1 |   81.0 |
         Sewer |    249 |    249 |      0 |      0 |    155 |   1 |  249.0 |
               +--------+--------+--------+--------+--------+-----+--------+

Top non-repeatable levels by time:
     D:3: 1637 daAuts
     D:7: 1144 daAuts
     D:4: 787 daAuts
     D:2: 647 daAuts
     D:8: 613 daAuts
     D:1: 604 daAuts
     D:6: 596 daAuts
     D:5: 395 daAuts
   Sewer: 249 daAuts
  Temple: 81 daAuts

Table legend:
 A = Kills in this place as a percentage of kills in entire the game.
 B = Kills by you in this place as a percentage of kills by you in the entire game.
 C = Kills by friends in this place as a percentage of kills by friends in the entire game.
 D = Other kills in this place as a percentage of other kills in the entire game.
 E = Experience gained in this place as a percentage of experience gained in the entire game.
 F = Experience gained in this place divided by the number of levels of this place that you have seen.
                   A       B       C       D       E      F
               +-------+-------+-------+-------+-------+----------------------
         Total | 100.0 | 100.0 |   N/A |   N/A | 100.0 | 439.8
       Dungeon |  90.4 |  90.4 |   N/A |   N/A |  98.6 | 542.2
         Sewer |   9.6 |   9.6 |   N/A |   N/A |   1.4 |  60.0
               +-------+-------+-------+-------+-------+----------------------
